 Dungeon Sprint DCSS version 0.29-a0-582-ge82337ba6a (webtiles) character file.

Game seed: 7680628158923039974

8985 mhtbhm the Convoker (level 11, -3/82 HPs)
             Began as a Hill Orc Summoner on June 15, 2022.
             Was the Champion of Sif Muna.
             Slain by a 12-headed hydra (12 damage)
             ... in the Dungeon (Sprint I: "Red Sonja").
             The game lasted 00:24:23 (4235 turns).

mhtbhm the Convoker (Hill Orc Summoner)             Turns: 4235, Time: 00:24:25

Health: -3/82      AC:  4    Str: 16    XL:     11   Next: 39%
Magic:  6/27       EV: 13    Int: 18    God:    Sif Muna [******]
Gold:   983        SH:  0    Dex: 11    Spells: 3/34 levels left

rFire   + . .      SeeInvis .   f - +2 short sword (venom)
rCold   . . .      Faith    .   (no shield)
rNeg    . . .      Spirit   .   a - +0 robe
rPois   +          Reflect  .   m - +1 helmet {Int+3}
rElec   .          Harm     .   (no cloak)
rCorr   .          Rampage  .   (no gloves)
Will    .....      NoTele   +   (no boots)
Stlth   +++.......              (no amulet)
HPRegen 0.23/turn               n - ring of poison resistance
MPRegen 0.20/turn               o - ring of protection from fire

@: no status effects
A: no striking features
a: Renounce Religion, Channel Magic, Forget Spell, Divine Exegesis


You were in the Dungeon.
You worshipped Sif Muna.
Sif Muna was exalted by your worship.
You visited 1 branch You collected 1886 gold pieces.
You spent 903 gold pieces at shops.

Inventory:

Hand Weapons
 f - a +2 short sword of venom (weapon)
Missiles
 j - 3 curare-tipped darts (quivered)
Armour
 a - a +0 robe (worn)
 m - a +1 helmet of intelligence (worn)
Jewellery
 n - a ring of poison resistance (left hand)
 o - a ring of protection from fire (right hand)
Scrolls
 d - a scroll of amnesia {unknown}
 g - a scroll of torment {unknown}
 k - a scroll of enchant weapon {unknown}
 l - 2 scrolls of identify {unknown}
Potions
 b - a potion of magic
 h - a potion of degeneration {unknown}
Miscellaneous
 i - a phantom mirror


   Skills:
 + Level 3.0 Fighting
 + Level 2.8 Short Blades
 + Level 1.5 Throwing
 + Level 5.6 Dodging
 + Level 5.8 Stealth
 + Level 4.9 Unarmed Combat
 + Level 12.3 Spellcasting
 + Level 6.5 Hexes
 + Level 17.8 Summonings
 + Level 4.7 Air Magic
 + Level 4.2 Evocations


You had 3 spell levels left.
You knew the following spells:

 Your Spells              Type           Power      Damage    Failure   Level
a - Summon Small Mammal   Summ           100%       N/A       0%          1
b - Call Imp              Summ           66%        N/A       0%          2
c - Call Canine Familiar  Summ           66%        N/A       0%          3
d - Summon Guardian Gole  Hex/Summ       53%        N/A       1%          3
e - Summon Lightning Spi  Summ/Air       51%        N/A       1%          4
f - Summon Mana Viper     Hex/Summ       53%        N/A       1%          5
g - Spellforged Servitor  Conj/Summ      21%        N/A       80%         7
h - Summon Cactus Giant   Summ           33%        N/A       1%          6

Your spell library contained the following spells:

 Spells                   Type           Power      Damage    Failure   Level
 Ensorcelled Hibernation  Hex/Ice        44%        N/A       2%          2
 Dazzling Flash           Conj/Hex       44%        N/A       4%          3
 Portal Projectile        Hex/Tloc       44%        N/A       4%          3
 Conjure Flame            Conj/Fire      11%        6-21      19%         3
 Ozocubu's Armour         Ice            11%        N/A       19%         3
 Monstrous Menagerie      Summ           33%        N/A       3%          7
 Cause Fear               Hex            17%        N/A       4%          4
 Summon Forest            Summ/Tloc      21%        N/A       4%          5
 Yara's Violent Unravell  Hex/Tmut       11%        3d6       41%         5
 Fireball                 Conj/Fire      5%         3d5       86%         5
 Iron Shot                Conj/Erth      5%         9d2       100%        6
 Discord                  Hex            17%        N/A       100%        8


Dungeon Overview and Level Annotations

Branches:
Dungeon (1/1)

Altars:
Cheibriados
Dithmenos
Elyvilon
Fedhas
Gozag
Hepliaklqana
Kikubaaqudgha
Makhleb
Nemelex Xobeh
Okawaru
Qazlal
Ru
Sif Muna
Trog
Uskayaw
Vehumet
Wu Jian
Xom
Yredelemnul
Zin
The Shining One
Jiyva
Lugonu

Shops:
D (![((=:(=?*![[[[[


Message History

Casting: Summon Guardian Golem (safe; 1% risk of failure)
Confirm with . or Enter, or press ? or * to list all spells.
An electric hum fills the air.
Your warg bites the 12-headed hydra.
Your warg barely misses the 12-headed hydra.
Unknown command.
Unknown command.
Okay, then.
Okay, then.
Casting: Summon Lightning Spire (mildly dangerous; 1% risk of failure)
Confirm with . or Enter, or press ? or * to list all spells.
An electric hum fills the air.
Your lightning spire disappears in a puff of smoke!
The 12-headed hydra bites you. The 12-headed hydra closely misses you.
The 12-headed hydra bites you but does no damage. x2
The 12-headed hydra bites you! The 12-headed hydra barely misses you.
The 12-headed hydra bites you. The 12-headed hydra closely misses you.
The 12-headed hydra bites you. The 12-headed hydra closely misses you.
The 12-headed hydra bites you. The 12-headed hydra misses you.
Your warg bites the 12-headed hydra.
Unknown command.
The 12-headed hydra attacks as you move away!
The 12-headed hydra barely misses you. x2; The 12-headed hydra misses you.
The 12-headed hydra closely misses you. x2; The 12-headed hydra bites you!
The 12-headed hydra bites you. The 12-headed hydra closely misses you.
The 12-headed hydra bites you.
The 12-headed hydra bites you but does no damage.
The 12-headed hydra bites you! The 12-headed hydra bites you.
The 12-headed hydra attacks as you move away!
The 12-headed hydra barely misses you. The 12-headed hydra bites you!
* * * LOW HITPOINT WARNING * * *
The 12-headed hydra completely misses you.
The 12-headed hydra bites you!
* * * LOW HITPOINT WARNING * * *
The 12-headed hydra bites you but does no damage.
The 12-headed hydra barely misses you. The 12-headed hydra bites you.
* * * LOW HITPOINT WARNING * * *
The 12-headed hydra closely misses you. The 12-headed hydra bites you.
* * * LOW HITPOINT WARNING * * *
The 12-headed hydra bites you!
You die...

##############################
.#__#..'..)#))#§@Dh§C§§§§§'.$#
.'..'.)#...##÷#8####§§§..##$G+
'#__####)..'8§#.# ##...## ##
(####(.#####§.§§# ###+#
.#§§§§.#..##'####
.'§≈§§§§..#...○○#
§#§§§§§#..#...°.+
§##'#####'###○..#
)#(§§.###.§§#.°.#


You could see a 12-headed hydra (ally target), a friendly warg (summoned) and a
friendly lightning spire (summoned).

Vanquished Creatures
  Sonja (D)
  An unseen horror (D)
  Sigmund (D)
  3 hogs (D)
  A floating eye (D)
  3 necrophages (D)
  2 jellies (D)
  Ijyb (D)
  A ballistomycete spore (D)
14 creatures vanquished.

Vanquished Creatures (collateral kills)
  A deep troll (D)
  A lindwurm (D)
  An oklob plant (D)
  An unseen horror (D)
  A gargoyle (D)
  3 demonic crawlers (D)
  2 kobold demonologists (D)
  A hornet (D)
  A slime creature (D)
  9 hogs (D)
  A redback (D)
  A floating eye (D)
  An ogre (D)
  2 necrophages (D)
  5 jellies (D)
31 creatures vanquished.

Vanquished Creatures (others)
  2 centaur warriors (D)
  A demonic crawler (D)
  A yak (D)
  A hog (D)
  A redback (D)
  2 necrophages (D)
  A jelly (D)
  A ballistomycete spore (D)
10 creatures vanquished.

Grand Total: 55 creatures vanquished

Notes
Turn   | Place    | Note
-------+----------+-------------------------------------------
     0 | D        | mhtbhm the Hill Orc Summoner began the quest for the Orb.
     0 | D        | Reached XP level 1. HP: 14/14 MP: 3/3
     4 | D        | Noticed Ijyb
    23 | D        | Killed Ijyb
    24 | D        | Reached skill level 1 in Unarmed Combat
    24 | D        | Reached skill level 6 in Summonings
    24 | D        | Reached XP level 2. HP: 8/22 MP: 1/5
    24 | D        | Reached XP level 3. HP: 10/27 MP: 1/6
   256 | D        | Learned a level 2 spell: Call Imp
   260 | D        | Learned a level 3 spell: Call Canine Familiar
   264 | D        | Noticed an ogre
   271 | D        | Killed an ogre
   272 | D        | Reached skill level 8 in Summonings
   272 | D        | Reached XP level 4. HP: 34/34 MP: 1/8
   277 | D        | Noticed Sigmund
   298 | D        | Killed Sigmund
   299 | D        | Reached skill level 10 in Summonings
   299 | D        | Reached XP level 5. HP: 36/39 MP: 1/11
   299 | D        | Reached XP level 6. HP: 43/46 MP: 1/12
   510 | D        | Found an ornate altar of the Wu Jian Council.
   510 | D        | Found a shimmering blue altar of Sif Muna.
   513 | D        | Found a radiant altar of Vehumet.
   542 | D        | Found Xeup's Distillery.
   542 | D        | Found an ancient bone altar of Kikubaaqudgha.
   542 | D        | Found a hazy altar of Hepliaklqana.
   542 | D        | Found a stormy altar of Qazlal.
   542 | D        | Found a hide-covered altar of Uskayaw.
   542 | D        | Found a blossoming altar of Fedhas.
   542 | D        | Found a bloodstained altar of Trog.
   542 | D        | Found an iron altar of Okawaru.
   542 | D        | Found a basalt altar of Yredelemnul.
   542 | D        | Found a glowing golden altar of the Shining One.
   542 | D        | Found a snail-covered altar of Cheibriados.
   542 | D        | Found a sacrificial altar of Ru.
   542 | D        | Found a glowing silver altar of Zin.
   542 | D        | Found a shadowy altar of Dithmenos.
   542 | D        | Found a white marble altar of Elyvilon.
   542 | D        | Noticed a yak
   549 | D        | Learned a level 3 spell: Summon Guardian Golem
   554 | D        | Learned a level 4 spell: Summon Lightning Spire
   569 | D        | Killed a yak
   570 | D        | Reached skill level 11 in Summonings
   570 | D        | Reached XP level 7. HP: 51/51 MP: 2/14
   752 | D        | Found an opulent altar of Gozag.
   753 | D        | Found a sparkling altar of Nemelex Xobeh.
   765 | D        | Became a worshipper of Sif Muna the Loreminder
   782 | D        | Bought a potion of invisibility for 88 gold pieces
   782 | D        | Bought a potion of invisibility for 88 gold pieces
   809 | D        | Noticed Sonja
   827 | D        | Killed Sonja
   828 | D        | Reached skill level 1 in Fighting
   828 | D        | Reached skill level 1 in Hexes
   828 | D        | Reached skill level 13 in Summonings
   828 | D        | Reached skill level 1 in Air Magic
   828 | D        | Reached XP level 8. HP: 32/59 MP: 1/17
   948 | D        | Found Tiun's Antique Weapon Boutique.
  1088 | D        | Noticed a deep troll
  1095 | D        | Killed a deep troll
  1096 | D        | Reached skill level 1 in Short Blades
  1109 | D        | Found Fipsiu's Armour Emporium.
  1205 | D        | Found a burning altar of Makhleb.
  1205 | D        | Found a viscous altar of Jiyva.
  1205 | D        | Found a shimmering altar of Xom.
  1205 | D        | Found a corrupted altar of Lugonu.
  1205 | D        | Noticed a slime creature
  1211 | D        | Killed a slime creature
  1211 | D        | Reached * piety under Sif Muna
  1212 | D        | Reached XP level 9. HP: 66/66 MP: 7/20
  1227 | D        | Noticed a kobold demonologist
  1234 | D        | Paralysed by a floating eye for 4 turns
  1234 | D        | Killed a kobold demonologist
  1235 | D        | Reached skill level 5 in Dodging
  1235 | D        | Reached skill level 5 in Stealth
  1235 | D        | Reached skill level 14 in Summonings
  1237 | D        | Reached skill level 1 in Throwing
  1313 | D        | Noticed a kobold demonologist
  1319 | D        | Killed a kobold demonologist
  1319 | D        | Reached ** piety under Sif Muna
  1383 | D        | Noticed a centaur warrior
  1383 | D        | Noticed a centaur warrior
  1402 | D        | Killed a centaur warrior
  1403 | D        | Reached skill level 15 in Summonings
  1413 | D        | Killed a centaur warrior
  1414 | D        | Reached XP level 10. HP: 20/73 MP: 12/23
  1693 | D        | Reached *** piety under Sif Muna
  1707 | D        | Noticed an oklob plant
  1718 | D        | Killed an oklob plant
  1719 | D        | Reached skill level 10 in Spellcasting
  1841 | D        | Reached skill level 16 in Summonings
  1854 | D        | Reached skill level 5 in Hexes
  1950 | D        | Killed an unseen horror
  1950 | D        | Reached **** piety under Sif Muna
  2380 | D        | Killed an unseen horror
  2549 | D        | Reached ***** piety under Sif Muna
  2549 | D        | Received a gift from Sif Muna
  2679 | D        | Got Sif Muna's Tome of Ashen Beguiling {god gift}
  2686 | D        | Learned a level 5 spell: Summon Mana Viper
  2714 | D        | Found Haunumox's Weapon Shoppe.
  2714 | D        | Found Diw Nuw's Antique Armour Shop.
  2714 | D        | Found Zewages's Antique Weapon Boutique.
  2716 | D        | Found Guylilui's Jewellery Emporium.
  2716 | D        | Found Raumolox's Book Shop.
  2716 | D        | Found Hits's Weapon Shoppe.
  2716 | D        | Found Hogo's Jewellery Boutique.
  2716 | D        | Found Elang's Magic Scroll Emporium.
  2716 | D        | Found Mic Ysm's Assorted Antiques.
  2716 | D        | Found Vatwidd's Distillery.
  2718 | D        | Bought a runed helmet for 232 gold pieces
  2725 | D        | Found Eqycauhiam's Antique Armour Boutique.
  2726 | D        | Found Foreotei's Antique Armour Emporium.
  2726 | D        | Found Qiur's Antique Armour Boutique.
  2727 | D        | Found Dobel's Antique Armour Emporium.
  2753 | D        | Bought a ring of poison resistance for 220 gold pieces
  2767 | D        | Bought a ring of protection from fire for 275 gold pieces
  2867 | D        | Noticed a demonic crawler
  2867 | D        | Noticed a demonic crawler
  2867 | D        | Noticed a demonic crawler
  2867 | D        | Noticed a demonic crawler
  2874 | D        | Noticed a gargoyle
  2875 | D        | Killed a demonic crawler
  2875 | D        | Received a gift from Sif Muna
  2877 | D        | Got Wacan's Disquisition on Enchanting Arcane Weapons {god
                  | gift}
  2886 | D        | Killed a demonic crawler
  2889 | D        | Killed a demonic crawler
  2894 | D        | Killed a demonic crawler
  2895 | D        | Reached skill level 17 in Summonings
  2895 | D        | Reached XP level 11. HP: 67/81 MP: 7/26
  3079 | D        | Learned a level 7 spell: Spellforged Servitor
  3089 | D        | Noticed a lindwurm
  3118 | D        | Killed a lindwurm
  3607 | D        | Received a gift from Sif Muna
  3664 | D        | Reached ****** piety under Sif Muna
  3834 | D        | Got Sif Muna's Handbook of Frigorific Calling {god gift}
  3842 | D        | Learned a level 6 spell: Summon Cactus Giant
  4216 | D        | Noticed a 12-headed hydra
  4235 | D        | Slain by a 12-headed hydra

Illustrated notes

Levels and vault maps discovered:
D:        dungeon_sprint_1 [red_sonja_temple_1, red_sonja_temple_small_1]

Skill      XL: |  1  2  3  4  5  6  7  8  9 10 11 |
---------------+----------------------------------+-----
Dodging        | 2 3 4 5 |  5.6
Stealth        | 2 3 4 5 |  5.8
Unarmed Combat | 1 2 3 4 |  4.9
Spellcasting   | 2 4 6 7 9 11 12 | 12.3
Summonings     | 6 8 10 11 13 15 17 | 17.8
Fighting       | 1 2 3 |  3.0
Hexes          | 1 2 4 5 6 |  6.5
Air Magic      | 1 2 3 4 |  4.7
Evocations     | 2 3 4 |  4.2
Short Blades   | 1 2 |  2.8
Throwing       | 1 |  1.5

Action                   |  1- 3 |  4- 6 |  7- 9 | 10-12 || total
-------------------------+-------+-------+-------+-------++-------
Melee: Unarmed           |    15 |       |       |       ||    15
       Dagger            |       |       |     1 |       ||     1
       Short sword       |       |       |     1 |    27 ||    28
       Punch             |       |       |       |     1 ||     1
Throw: Dart              |       |       |     2 |       ||     2
 Cast: Summon Small Mamm |     3 |       |     5 |    12 ||    20
       Call Canine Famil |     1 |     2 |     7 |    23 ||    33
       Call Imp          |     1 |     1 |     4 |     7 ||    13
       Summon Guardian G |       |     1 |     8 |    18 ||    27
       Summon Lightning  |       |     1 |     6 |    19 ||    26
       Summon Cactus Gia |       |       |       |     1 ||     1
Evoke: Wand              |       |     2 |     3 |     7 ||    12
       Phantom mirror    |       |       |       |     4 ||     4
  Use: Potion            |     2 |       |     3 |     9 ||    14
       Scroll            |       |       |     1 |       ||     1
 Stab: Sleeping          |       |       |     1 |     1 ||     2
       Distracted        |       |       |       |     1 ||     1
Armor: Robe              |     1 |       |       |    12 ||    13
Dodge: Dodged            |     7 |       |    10 |    45 ||    62

Table legend: (Time is in decaauts)
 A = Elapsed time spent in this place.
 B = Non-inter-level travel time spent in this place.
 C = Inter-level travel time spent in this place.
 D = Time resting spent in this place.
 E = Time spent auto-exploring this place.
 F = Levels seen in this place.
 G = Mean time per level.
                   A        B        C        D        E       F      G
               +--------+--------+--------+--------+--------+-----+--------+
         Total |   4237 |   4237 |      0 |   2898 |      0 |   1 | 4237.0 |
       Dungeon |   4237 |   4237 |      0 |   2898 |      0 |   1 | 4237.0 |
               +--------+--------+--------+--------+--------+-----+--------+

Top non-repeatable levels by time:
       D: 4237 daAuts
